 Dungeon Crawl Stone Soup version 0.17.2-1-ge4368a0 (webtiles) character file.

413 Charly the Insei (level 6, 0/30 HPs)
             Began as a Vine Stalker Transmuter on July 9, 2017.
             Succumbed to an orc wizard's poison
             ... on level 8 of the Dungeon.
             The game lasted 00:14:54 (930 turns).

Charly the Insei (Vine Stalker Transmuter)           Turns: 930, Time: 00:14:54

Health: 0/30       AC:  2    Str: 13    XL:     6   Next: 91%
Magic:  9/10       EV: 12    Int: 14    God:
Gold:   0          SH:  0    Dex: 15    Spells: 3 memorised, 3 levels left

rFire  . . .     SeeInvis .       - Unarmed
rCold  . . .     Clarity  .     b - +0 robe
rNeg   + . .     SustAt   .     (no shield)
rPois  .         Gourm    .     (no helmet)
rElec  .         Spirit   +     (no cloak)
rCorr  .         Warding  .     (no gloves)
rMut   .         Stasis   .     (no boots)
MR     .....                    (no amulet)
Stlth  +.........               (no ring)
                                l - ring of positive energy

@: lethally poisoned (0 -> -10), not resistant to hostile enchantments, very
unstealthy
A: fangs 2, regeneration 2, magic shield, antimagic bite, no device heal 3, rot
immunity
a: no special abilities


You were on level 8 of the Dungeon.
You were not hungry.

You visited 2 branches of the dungeon, and saw 9 of its levels.

Inventory:

Missiles
 a - 5 arrows
Armour
 b - a +0 robe (worn)
Magical Staves
 q - an uncursed staff of conjuration {unknown}
Jewellery
 l - a ring of positive energy (left hand)
Wands
 k - a wand of fire (0)
Scrolls
 g - a scroll of fog {unknown}
 h - a scroll of remove curse {unknown}
 i - a scroll of fear {unknown}
 j - a scroll of enchant armour {unknown}
 r - a scroll of immolation {unknown}
Potions
 n - a potion of curing {unknown}
Books
 c - a book of Changes

   Spells                             Type                      Level
   a - Beastly Appendage              Transmutation                1
   b - Sticks to Snakes               Transmutation                2
   c - Spider Form                    Transmutation/Poison         3
   d - Ice Form                       Ice/Transmutation            4
   e - Blade Hands                    Transmutation                5
 o - a book of the Earth

   Spells                             Type                      Level
   a - Leda's Liquefaction            Hexes/Earth                  4
   b - Bolt of Magma                  Conjuration/Fire/Earth       5
   c - Statue Form                    Transmutation/Earth          6
   d - Iron Shot                      Conjuration/Earth            6
   e - Shatter                        Earth                        9
 p - a Fen Folio

   Spells                             Type                      Level
   a - Corpse Rot                     Necromancy                   2
   b - Stone Arrow                    Conjuration/Earth            3
   c - Leda's Liquefaction            Hexes/Earth                  4
   d - Summon Forest                  Summoning/Translocation      5
   e - Hydra Form                     Transmutation                6
   f - Summon Hydra                   Summoning                    7
Comestibles
 d - a bread ration


   Skills:
 - Level 2.0 Fighting
 - Level 1.5 Dodging
 + Level 6.6 Unarmed Combat
 - Level 2.1 Spellcasting
 - Level 3.0 Transmutations
 - Level 1.1 Poison Magic


You had 3 spell levels left.
You knew the following spells:

 Your Spells              Type           Power        Failure   Level  Hunger
a - Beastly Appendage     Trmt           #.....       10%         1    #......
s - Sticks to Snakes      Trmt           #.........   12%         2    ###....
S - Spider Form           Trmt/Pois      #.........   30%         3    ###....


Dungeon Overview and Level Annotations

Branches:
Dungeon (8/15)             Temple (1/1) D:6
   Lair: D:8-11

Altars:
Ashenzari
Dithmenos
Elyvilon
Fedhas
Gozag
Kikubaaqudgha
Makhleb
Nemelex Xobeh
Okawaru
Qazlal
Ru
Sif Muna
Trog
Vehumet
Xom
Yredelemnul
Zin
The Shining One

Shops:
D:6 :

Annotations:
D:5 Sigmund


Innate Abilities, Weirdness & Mutations

You have extremely sharp teeth.
You heal very quickly.
When hurt, damage is shared between your health and your magic reserves.
Your bite disrupts and absorbs the magic of your enemies.
Potions and wands cannot restore your health.
You are immune to rotting.


Message History

The orc wizard hits you with a dagger of venom.
You are more poisoned.
Eat which item? (? for menu, Esc to quit)
You can't eat that!
Firing (i - inventory): No suitable missiles.
Press: ? - help, Shift-Dir - straight line
Okay, then.
There is a lethal amount of poison in your body!
Read which item? (? for menu, Esc to quit)
Okay, then.
Firing (i - inventory): No suitable missiles.
Press: ? - help, Shift-Dir - straight line, f - orc wizard
Aim: an orc wizard, wielding a dagger of venom and wearing an embroidered robe (moderately wounded)
Okay, then.
You are already empty-handed.
Press: ? - help, . - travel, g - get item You can't see that place. [Stash: 18 gold pieces] [the floor.]
You die... .......#....# ##..## #.o# .....###....## #..# ...# ...### #.....####..# #..# ... #..#....##..# .oo

..#
#..#...o....#####..###
#.................
#................#
#.......##o.###.$
........##@.##
.......###..# ####...
....# ##.. .#..... ..
###...... #........
#........ #........


You could see an orc wizard.

Vanquished Creatures
  A centaur (D:6)
  A water moccasin skeleton (D:7)
  A crimson imp (D:8)
  2 hounds (D:5)
  2 orc wizards (D:8)
  A worker ant (D:6)
  A hound skeleton (D:5)
  3 gnolls (D:5)
  An adder skeleton (D:5)
  2 orcs
  A bat (D:1)
  2 giant cockroaches
  A hobgoblin (D:3)
  A jackal (D:5)
  A quokka (D:5)
  A ball python (D:1)
  A giant gecko skeleton (D:4)
  A rat (D:1)
24 creatures vanquished.

Vanquished Creatures (collateral kills)
  A scorpion (D:4)
  A hound skeleton (D:5)
2 creatures vanquished.

Grand Total: 26 creatures vanquished

Notes
Turn   | Place    | Note
--------------------------------------------------------------
     0 | D:1      | Charly the Vine Stalker Transmuter began the quest for the Orb.
     0 | D:1      | Reached XP level 1. HP: 9/9 MP: 4/4
    86 | D:2      | Found an iron altar of Okawaru.
   141 | D:4      | Noticed a giant frog skeleton
   141 | D:4      | Noticed a worker ant
   141 | D:4      | Noticed a worker ant
   144 | D:5      | Entered Level 5 of the Dungeon
   151 | D:5      | Reached XP level 2. HP: 14/14 MP: 6/6
   156 | D:5      | Learned a level 2 spell: Sticks to Snakes
   177 | D:5      | Reached skill level 4 in Unarmed Combat
   197 | D:5      | Noticed Sigmund
   215 | D:4      | Noticed a scorpion
   224 | D:4      | Killed a scorpion
   224 | D:4      | Reached XP level 3. HP: 12/17 MP: 3/7
   224 | D:4      | Reached XP level 4. HP: 14/21 MP: 3/8
   246 | D:4      | Found a shattered altar of Ashenzari.
   261 | D:4      | Learned a level 3 spell: Spider Form
   276 | D:5      | Noticed a hound
   284 | D:5      | Killed a hound
   284 | D:5      | Reached skill level 1 in Poison Magic
   367 | D:5      | Reached XP level 5. HP: 22/25 MP: 3/9
   374 | D:5      | Reached skill level 1 in Fighting
   417 | D:6      | Found a staircase to the Ecumenical Temple.
   434 | D:6      | fire
   452 | D:5      | Noticed an iguana
   460 | D:6      | Noticed a centaur
   464 | D:6      | Killed a centaur
   464 | D:6      | Reached skill level 5 in Unarmed Combat
   478 | D:5      | Gained mutation: You heal very quickly. [Vine Stalker growth]
   478 | D:5      | Reached XP level 6. HP: 3/30 MP: 2/10
   598 | D:6      | Found Tani's Book Shoppe.
   607 | D:6      | Reached skill level 6 in Unarmed Combat
   627 | D:6      | Found a shimmering altar of Xom.
   629 | D:6      | Found a sacrificial altar of Ru.
   631 | D:6      | Found a stormy altar of Qazlal.
   631 | D:6      | Found a radiant altar of Vehumet.
   647 | D:6      | earth
   657 | D:6      | Noticed an orc warrior
   724 | Temple   | Entered the Ecumenical Temple
   846 | D:8      | Noticed a wyvern
   929 | D:8      | HP: 1/30 [poisoned by an orc wizard]
   930 | D:8      | Succumbed to an orc wizard's poison

Action                   |  1- 3 |  4- 6 || total
-------------------------+-------+-------++-------
Melee: Unarmed           |    39 |    58 ||    97
 Cast: Sticks to Snakes  |     3 |     4 ||     7
       Spider Form       |       |     9 ||     9
Evoke: Wand              |       |     2 ||     2
  Use: Scroll            |       |     1 ||     1
       Potion            |       |     3 ||     3
  Eat: Chunk             |       |     2 ||     2
